AoeStats
← TAKEOVER

Yucatan

503128227Analyzed
4v4 RM · 1mo ago on Aug 30, 2026· 43m 17s· 8 players
Game mode
Random Map
Map size
Large (8 player)
Population
200
Speed
Normal
Resources
Standard
Victory
Conquest
Starting age
Dark Age
Ending age
Imperial Age
RankedLock teamsTeams togetherTeam positionsShared explorationLock speedFull tech treeHidden civsTurbo modeCheats
Victory
Defeat
🇨🇿 Vietnamese · Czechia
962
+14
🇩🇪 Spanish · Germany
961
+14
🇫🇮 Bohemians · Finland
917
+16
🇪🇸 Tupi · Spain
882
+17
1001
-19
🇻🇳 Aztecs · Vietnam
923
-16
🇮🇩 Cumans · Indonesia
873
-13
🇨🇦 Goths · Canada
856
-13
Anfangspunkt
11:45 Feudal Age
20:10 Castle Age
19:23 Double-Bit Axe
20:21 Fletching
20:47 Padded Archer Armor
20:39 Fletching
30:00 Stone Mining
30:01 Gold Mining
32:42 Scale Mail Armor
34:38 Man-at-Arms
35:17 Pikeman
35:59 Squires
41:39 Wheelbarrow
41:53 Bodkin Arrow
41:38 Long Swordsman
42:08 Arson
SerMan911
0:53 Loom
15:37 Feudal Age
19:53 Fletching
20:04 Padded Archer Armor
22:55 Castle Age
20:53 Double-Bit Axe
20:59 Stone Mining
21:25 Gold Mining
22:56 Wheelbarrow
22:15 Champi Runner
22:41 Arson
23:36 Horse Collar
25:42 Bow Saw
26:31 Gold Shaft Mining
25:58 Heavy Plow
28:35 Hand Cart
32:40 Ballistics
32:21 Bodkin Arrow
32:42 Leather Archer Armor
33:46 Caciques
40:58 Imperial Age
40:33 Forging
40:24 Scale Mail Armor
40:29 Squires
39:49 Champi Warrior
41:45 Curare
42:04 Conscription
42:52 Chemistry
42:32 Ring Archer Armor
42:27 Town Watch
42:45 Bracer
42:25 Elite Champi Warrior
Rcu
10:43 Feudal Age
11:53 Loom
15:11 Castle Age
38:13 Double-Bit Axe
43:27 Bow Saw
kocicky€€€
7:59 Loom
12:43 Feudal Age
15:44 Wheelbarrow
14:56 Town Watch
15:56 Double-Bit Axe
18:21 Castle Age
18:53 Stone Mining
18:53 Gold Mining
19:39 Bloodlines
19:30 Husbandry
23:55 Scale Barding Armor
27:03 Forging
27:14 Chain Barding Armor
29:27 Fletching
29:38 Fishing Lines
31:07 Town Watch
31:45 Horse Collar
34:18 Ballistics
34:03 Town Patrol
34:19 Hand Cart
36:39 Imperial Age
35:02 Thumb Ring
39:17 Plate Barding Armor
40:26 Elite Battle Elephant
43:33 Iron Casting
43:00 Padded Archer Armor
獅子山共和國駐台辦事
7:58 Loom
13:18 Feudal Age
13:41 Horse Collar
13:49 Double-Bit Axe
20:53 Castle Age
20:34 Padded Archer Armor
21:57 Thumb Ring
21:16 Elite Skirmisher
24:06 Husbandry
24:20 Bloodlines
26:03 Bow Saw
25:55 Heavy Plow
25:46 Town Watch
35:15 Town Watch
37:29 Wheelbarrow
38:47 Hand Cart
38:50 Gold Mining
38:50 Stone Mining
39:53 Elite Skirmisher
41:56 Thumb Ring
42:02 Town Patrol
longkaka
2:50 Loom
12:42 Feudal Age
13:30 Double-Bit Axe
20:09 Castle Age
20:40 Wheelbarrow
21:01 Arson
21:10 Eagle Warrior
23:09 Hand Cart
24:01 Town Watch
24:02 Horse Collar
24:33 Gold Mining
24:33 Stone Mining
25:19 Squires
27:32 Forging
27:23 Scale Mail Armor
27:56 Stone Mining
34:11 Padded Archer Armor
35:34 Leather Archer Armor
Strygwyr
0:30 Loom
TAKEOVER
0:27 Loom
15:19 Feudal Age
15:24 Man-at-Arms
16:01 Double-Bit Axe
16:53 Wheelbarrow
16:00 Horse Collar
17:29 Town Watch
23:39 Castle Age
23:32 Forging
23:35 Bloodlines
24:10 Scale Barding Armor
24:44 Stone Mining
24:46 Gold Mining
25:14 Hand Cart
25:01 Heavy Plow
25:23 Bow Saw
26:09 Stone Shaft Mining
26:26 Town Patrol
26:31 Squires
26:40 Scale Mail Armor
26:51 Fishing Lines
27:16 Husbandry
28:08 Long Swordsman
30:32 Light Cavalry
31:16 Pikeman
33:29 Iron Casting
33:10 Chain Mail Armor
34:06 Anarchy
34:58 Chain Mail Armor
41:24 Imperial Age
39:38 Padded Archer Armor
39:30 Fletching
42:30 Conscription
42:13 Perfusion
Connection lost

Rejoining the realm…

Still unreachable

The connection could not be restored.

Session expired

The server has moved on; the page needs a fresh start.